 Dungeon Crawl Stone Soup version 0.31.0-1-g2c135a008e (webtiles) character file.

Game seed: 1139661890373602714

143 qw the Shooter (level 5, -9/40 HPs)
             Began as a Djinni Hunter on Jan 23, 2024.
             Mangled by a gnoll
             ... wielding a +0 halberd
             ... led by a gnoll bouda
              (11 damage)
             ... on level 3 of the Dungeon.
             The game lasted 00:00:06 (1829 turns).

qw the Shooter (Djinni Hunter)                      Turns: 1829, Time: 00:00:07

Health: -9/40      AC:  3    Str: 10    XL:     5   Next: 50%
Gold:   148        EV: 13    Int: 11    God:
                   SH:  0    Dex: 18

rFire   + + .        a - +0 shortbow
rCold   x . .        (shield currently unavailable)
rNeg    . . .        c - +0 leather armour
rPois   inf          (no helmet)
rElec   .            (no cloak)
rCorr   .            (no gloves)
SInv    .            (boots unavailable)
Will    .....        (no amulet)
Stlth   ++           (no ring)
HPRegen 0.26/turn    (no ring)
MPRegen 0.00/turn

%: infuse magic (-10 HP)
@: flying
A: sickness immunity, fire resistance 2, cold vulnerability 1, float, innate
caster, HP casting, extra vitality 1
a: no special abilities


You were on level 3 of the Dungeon.
You visited 1 branch of the dungeon, and saw 3 of its levels.

You collected 148 gold pieces.


Innate Abilities, Weirdness & Mutations

You are immune to sickness and miasma.
You are immune to poison.
Your flesh is very heat resistant. (rF++)
You are vulnerable to cold. (rC-)
You float through the air rather than walking.
You learn spells naturally, not from books.
Your magical power is your life essence.
You have superior vitality. (+4 MHP)


   Skills:
 - Level 3.0 Fighting
 + Level 4.6 Ranged Weapons
 - Level 3.1 Dodging
 - Level 0.7 Stealth


You knew the following spells:

 Your Spells              Type           Power      Damage    Failure   Level
a - Kiss of Death         Conj/Necr      0%         2d5       43%         1
b - Searing Ray           Conj           0%         2d4       58%         2
Your spell library was empty.

Inventory:

Hand Weapons
 a - a +0 shortbow (weapon)
Armour
 c - a +0 leather armour (worn)
 e - a +0 helmet
Potions
 b - a potion of enlightenment
 d - a potion of curing
 f - a potion of brilliance {unknown}
 g - 3 potions of might
 h - a potion of haste {unknown}
 i - 2 potions of degeneration {unknown}

Dungeon Overview and Level Annotations

Branches:
Dungeon (3/15)

Altars:

Annotations:
D:3 1 runed translucent door, Crazy Yiuf


Message History

The gnoll hits you from afar with a +0 halberd.
You shoot an arrow. The arrow barely misses the gnoll.
The arrow hits the gnoll.
The gnoll is moderately wounded.
The gnoll closely misses you. The gnoll misses you.
The gnoll closely misses you. The gnoll hits you with a +0 whip.
You shoot an arrow. The arrow closely misses the gnoll.
The arrow barely misses the gnoll.
The gnoll hits you with a +0 whip. The gnoll misses you.
You shoot an arrow. The arrow hits the gnoll.
The gnoll is heavily wounded.
The gnoll hits you with a +0 whip! The gnoll misses you.
You shoot an arrow. The arrow barely misses the gnoll.
The arrow hits the gnoll but does no damage.
The gnoll is moderately wounded.
The gnoll closely misses you. The gnoll completely misses you.
You shoot an arrow. The arrow hits the gnoll.
The gnoll is severely wounded.
The gnoll barely misses you. The gnoll misses you.
The gnoll hits you from afar with a +0 halberd!
The gnoll closely misses you.
You shoot an arrow. The arrow hits the gnoll.
You kill the gnoll!
The gnoll barely misses you. The gnoll hits you with a +0 whip.
You shoot an arrow.
The arrow hits the gnoll but does no damage.
The gnoll is moderately wounded.
The gnoll hits you from afar with a +0 halberd.
The gnoll completely misses you.
You shoot an arrow. The arrow hits the gnoll.
The gnoll is severely wounded.
The gnoll closely misses you. The gnoll barely misses you.
You shoot an arrow.
The arrow hits the gnoll but does no damage.
The gnoll is severely wounded.
The gnoll closely misses you. x3
You shoot an arrow. The arrow hits the gnoll.
The gnoll is severely wounded.
The gnoll closely misses you.
The gnoll hits you from afar with a +0 halberd!
You die...

############ #
#...........
#####g#######.#########.
..)...g@............# #.
####.########.#####.# #.
#....# #.# #. #.#### #.#
#. #.# #.# #. #.# #.# #.
##.## #.# #. #...###
##.###. #.....####......


You could see 2 gnolls.

Vanquished Creatures
  A gnoll bouda (D:3)
  Robin (D:3)
  3 adders
  3 gnolls (D:3)
  2 ribbon worms
  A dart slug (D:2)
  5 ball pythons
  6 bats
  3 endoplasms (D:2)
  4 goblins (D:3)
  4 hobgoblins
  2 kobolds
  3 quokkas
  A frilled lizard (D:2)
  A rat (D:2)
40 creatures vanquished.

Notes
Turn   | Place    | Note
-------+----------+-------------------------------------------
     0 | D:1      | qw the Djinni Hunter began the quest for the Orb.
     0 | D:1      | Reached XP level 1. HP: 18/18 MP: 0/0
     0 | D:1      | 0 ||| qw: Version: 0.3-a-134-g2ba4250
     0 | D:1      | 0 ||| qw: Game counter: 695
     0 | D:1      | 0 ||| qw: Melee chars always use a shield: true
     0 | D:1      | 0 ||| qw: God list: Okawaru
     0 | D:1      | 0 ||| qw: Allow faded altars: false
     0 | D:1      | 0 ||| qw: Do Orc after clearing Dungeon:15 true
     0 | D:1      | 0 ||| qw: Do second Lair branch before Depths: true
     0 | D:1      | 0 ||| qw: Lair rune preference: random
     0 | D:1      | 0 ||| qw: Goals: Normal
     0 | D:1      | 0 ||| PLANNING D:1-11
   348 | D:1      | Reached XP level 2. HP: 23/23 MP: 0/0
   479 | D:1      | 479 ||| READING 5 scrolls labelled MYATAO MYGETS.
   479 | D:1      | 479 ||| IDENTIFYING emerald potion
   480 | D:1      | 480 ||| READING 4 scrolls of identify.
   480 | D:1      | 480 ||| IDENTIFYING 3 viscous ruby potions
   481 | D:1      | 481 ||| READING 3 scrolls of identify.
   481 | D:1      | 481 ||| IDENTIFYING scroll labelled VEFFERUBBE
   482 | D:1      | 482 ||| READING 2 scrolls of identify.
   482 | D:1      | 482 ||| IDENTIFYING scroll labelled HEVAMIZODO
   483 | D:1      | 483 ||| DROPPING scroll of butterflies.
   484 | D:1      | 484 ||| DROPPING potion of attraction.
   485 | D:1      | 485 ||| DROPPING scroll of fear.
   486 | D:1      | 486 ||| DROPPING scroll of poison.
   760 | D:2      | Found a faded altar of an unknown god.
   763 | D:2      | Reached skill level 4 in Ranged Weapons
   763 | D:2      | Reached XP level 3. HP: 28/28 MP: 0/0
   763 | D:2      | Learned a level 1 spell: Kiss of Death
  1250 | D:2      | 1250 ||| READING 3 scrolls of identify.
  1250 | D:2      | 1250 ||| IDENTIFYING metallic white potion
  1251 | D:2      | 1251 ||| READING 2 scrolls of identify.
  1251 | D:2      | 1251 ||| IDENTIFYING white potion
  1252 | D:2      | 1252 ||| READING scroll of identify.
  1252 | D:2      | 1252 ||| IDENTIFYING glowing brown potion
  1292 | D:3      | Found a runed translucent door.
  1293 | D:3      | Noticed Crazy Yiuf
  1326 | D:3      | Noticed Robin
  1330 | D:3      | 1330 ||| FLEEEEING.
  1338 | D:3      | Killed Robin
  1339 | D:3      | Reached skill level 3 in Fighting
  1339 | D:3      | Reached XP level 4. HP: 19/35 MP: 0/0
  1344 | D:3      | 1344 ||| FLEEEEING.
  1345 | D:3      | 1345 ||| FLEEEEING.
  1346 | D:3      | 1346 ||| FLEEEEING.
  1347 | D:3      | 1347 ||| FLEEEEING.
  1348 | D:3      | 1348 ||| FLEEEEING.
  1516 | D:3      | HP: 7/35 [kobold/+0 club (2)]
  1517 | D:3      | 1517 ||| DRINKING potion of heal wounds.
  1519 | D:3      | Reached skill level 3 in Dodging
  1530 | D:3      | HP: 6/35 [kobold/+0 club (4)]
  1811 | D:3      | Reached XP level 5. HP: 40/40 MP: 0/0
  1811 | D:3      | Learned a level 2 spell: Searing Ray
  1824 | D:3      | HP: 8/40 [gnoll/+0 halberd[a gnoll bouda] (12)]
  1826 | D:3      | HP: 1/40 [gnoll/+0 halberd[a gnoll bouda] (6)]
  1829 | D:3      | Mangled by a gnoll

Levels and vault maps discovered:
D:1:      onia_arrival_mini_spirals, layout_rooms, minivault_25
D:2:      layout_basic, chequers_ecumenical_altar_simple_redux
D:3:      layout_loops_ring, minmay_starry_boxes, uniq_crazy_yiuf_cottage,
          uniq_robin

Skill      XL: |  1  2  3  4 |
---------------+-------------+-----
Ranged Weapons | 4 |  4.6
Fighting       | 3 |  3.0
Dodging        | 3 |  3.1
Stealth        | |  0.7

Action                     |  1- 3 |  4- 6 || total
---------------------------+-------+-------++-------
   Fire: Shortbow          |    81 |    87 ||   168
    Use: Scroll            |     7 |       ||     7
         Potion            |       |     1 ||     1
 Armour: Leather armour    |    16 |    54 ||    70
  Dodge: Dodged            |    27 |    75 ||   102

Table legend:
 A = Non-vault XP
 B = Vault XP
 C = Vault XP percentage of total XP
 D = Non-vault monster count
 E = Vault monster count
 F = Vault count percentage of total count
                 A         B        C        D         E       F
            +---------+---------+-------+---------+---------+-------
      Total |     143 |      62 |  30.2 |      27 |      13 |  32.5
            +---------+---------+-------+---------+---------+-------
        D:1 |      10 |       0 |   0.0 |       5 |       0 |   0.0
        D:2 |      39 |       0 |   0.0 |      12 |       0 |   0.0
        D:3 |      94 |      62 |  39.7 |      10 |      13 |  56.5
            +---------+---------+-------+---------+---------+-------
